 Dungeon Crawl Stone Soup version 0.30-a0-779-g7971cf19c3 (webtiles) character file.

Game seed: 11939578403210687610

1486 Esekla the Covert (level 8, -5/54 HPs)
             Began as an Octopode Delver on Feb 18, 2023.
             Was an Initiate of Gozag.
             Slain by Pikel
             ... wielding a +0 whip of electrocution
              (18 damage)
             ... on level 4 of the Dungeon.
             The game lasted 00:43:44 (5881 turns).

Esekla the Covert (Octopode Delver)                 Turns: 5881, Time: 00:43:44

Health: -5/54      AC:  6    Str: 12    XL:     8   Next: 80%
Magic:  2/13       EV: 14    Int: 14    God:    Gozag
Gold:   660        SH:  0    Dex: 13    Spells: 4/13 levels left

rFire   . . .      SeeInvis .    a - +0 falchion
rCold   . . .      Faith    .    (no shield)
rNeg    . . .      Spirit   .    (helmet restricted)
rPois   +          Reflect  .    (no amulet)
rElec   .          Harm     .    q - +4 ring of slaying
rCorr   .          Rampage  .    w - ring of poison resistance
Will    .....                    (no ring)
Stlth   +++++                    (no ring)
HPRegen 0.29/turn                (no ring)
MPRegen 0.13/turn                (no ring)
                                 (no ring)
                                 (no ring)

@: ice-armoured, very slightly contaminated
A: almost no armour, amphibious, 8 rings, camouflage 1, gelatinous body 1,
(nimble swimmer 1), tentacles
a: Renounce Religion, Potion Petition, Call Merchant, Bribe Branch


You were on level 4 of the Dungeon.
You worshipped Gozag.
Gozag was pleased with you.
You visited 2 branches of the dungeon, and saw 7 of its levels.

You collected 1270 gold pieces.
You spent 594 gold pieces at shops.
You paid 16 gold pieces to Gozag.

Inventory:

Hand Weapons
 a - a +0 falchion (weapon)
 r - a +0 spear
 s - the +9 dagger of the Horn {heavy, *Slow Dex+5 SInv}
   (You found it on level 5 of the Dungeon)

   Dex:       It affects your dexterity (+5).
   SInv:      It lets you see invisible.
   *Slow:     It may slow you when you take damage.
Missiles
 u - 11 poisoned darts (quivered)
Jewellery
 j - a ring of fire
 m - the amulet of Elemental Vulnerability {rPois rF-- rC-- AC+8}
   (You found it on level 2 of the Dungeon)

   [amulet of nothing]

   AC:        It affects your AC (+8).
   rF:        It makes you very vulnerable to fire.
   rC:        It makes you very vulnerable to cold.
   rPois:     It protects you from poison.
 q - a +4 ring of slaying (left tentacle)
 w - a ring of poison resistance (right tentacle)
Wands
 f - a wand of digging (3)
 h - a wand of paralysis (18)
Scrolls
 b - a scroll of fog
 c - a scroll of brand weapon {unknown}
 i - 3 scrolls of blinking {unknown}
 n - a scroll of magic mapping
 t - a scroll of teleportation {unknown}
 v - a scroll of amnesia {unknown}
 y - a scroll of enchant weapon {unknown}
 z - a scroll of noise {unknown}
 B - a scroll of immolation {unknown}
 C - a scroll of poison {unknown}
Potions
 d - 2 potions of magic
 e - a potion of haste
 g - a potion of flight
 k - 2 potions of brilliance
 l - a potion of invisibility
 o - a potion of ambrosia
 p - a potion of curing
 x - a potion of lignification
 A - a potion of berserk rage {unknown}


   Skills:
 + Level 4.4 Fighting
 + Level 1.7(4.0) Short Blades
 + Level 5.7(5.8) Long Blades
 + Level 0.9 Throwing
 * Level 4.3 Dodging
 - Level 8.3 Stealth
 * Level 3.3 Spellcasting
 * Level 3.0 Necromancy
 * Level 3.0 Ice Magic


You had 4 spell levels left.
You knew the following spells:

 Your Spells              Type           Power      Damage    Failure   Level
a - Ozocubu's Armour      Ice            10%        N/A       19%         3
d - Vampiric Draining     Necr           11%        2d6       17%         3
r - Frozen Ramparts       Ice            20%        1d4       19%         3

Your spell library contained the following spells:

 Spells                   Type           Power      Damage    Failure   Level
 Sublimation of Blood     Necr           11%        N/A       9%          2
 Slow                     Hex            8%         N/A       21%         1
 Confusing Touch          Hex            2%         N/A       52%         3
 Stone Arrow              Conj/Erth      4%         3d7       52%         3
 Ice Form                 Ice/Tmut       6%         N/A       73%         4
 Summon Ice Beast         Ice/Summ       6%         N/A       73%         4
 Petrify                  Tmut/Erth      2%         N/A       90%         4
 Metabolic Englaciation   Hex/Ice        3%         N/A       97%         5
 Irradiate                Conj/Tmut      1%         3d12      99%         5
 Lehudib's Crystal Spear  Conj/Erth      1%         10d2      100%        8
 Chain Lightning          Conj/Air       1%         3d1       100%        9
 Fire Storm               Conj/Fire      1%         7d1       100%        9
 Shatter                  Erth           1%         3d5*      100%        9
 Animate Armour           Summ/Erth      Unusable   N/A       N/A         4
 Simulacrum               Ice/Necr       Unusable   N/A       N/A         6

Dungeon Overview and Level Annotations

Branches:
Dungeon (6/15)             Temple (1/1) D:5

Altars:
Ashenzari
Cheibriados
Dithmenos
Fedhas
Gozag
Hepliaklqana
Kikubaaqudgha
Nemelex Xobeh
Okawaru
Qazlal
Ru
Trog
Uskayaw
Vehumet
Wu Jian
Xom
Yredelemnul
Zin

Shops:
D:2 :

Annotations:
D:4 Pikel
D:6 1 runed translucent door, dolemite99's ghost, novice DjFE


Innate Abilities, Weirdness & Mutations

You cannot wear most types of armour.
You are amphibious.
You can wear up to eight rings at the same time.
Your skin changes colour to match your surroundings (Stealth+).
Your rubbery body absorbs attacks. (AC +1, EV +1)
((You are camouflaged when in or above water. (Stealth+)))
You have tentacles for arms and can constrict up to eight enemies at once.


Message History

Pikel hits you with a +0 whip of electrocution.
You are electrocuted!
Casting: Ozocubu's Armour (dangerous; 19% risk of failure)
Confirm with . or Enter, or press ? or * to list all spells.
Aiming: Vampiric Draining (dangerous; 17% risk of failure)
Press: ? - help, Shift-Dir - straight line, f - Pikel
Aim: Pikel, wielding a +0 whip of electrocution and wearing a +0 robe (moderately wounded)
You miscast Vampiric Draining.
You are very lightly contaminated with residual magic.
Nothing appears to happen.
The wall freezes Pikel.
Pikel hits you but does no damage.
You are electrocuted!
* * * LOW HITPOINT WARNING * * *
Casting: Vampiric Draining (dangerous; 17% risk of failure)
Confirm with . or Enter, or press ? or * to list all spells.
Aiming: Vampiric Draining (dangerous; 17% risk of failure)
Press: ? - help, Shift-Dir - straight line, f/p - Pikel
Aim: Pikel, wielding a +0 whip of electrocution and wearing a +0 robe (moderately wounded)
You draw life force from Pikel.
You feel life coursing into your body.
The wall freezes Pikel but does no damage.
Pikel misses you.
You closely miss Pikel. You grab Pikel. You squeeze Pikel!
Pikel is severely wounded.
You constrict Pikel, but do no damage.
The wall freezes Pikel but does no damage.
Pikel hits you but does no damage.
You are electrocuted!
* * * LOW HITPOINT WARNING * * *
Okay, then.
Press: ? - help, v - describe, . - travel
Here: Pikel, wielding a +0 whip of electrocution and wearing a +0 robe (severely wounded, constricted by you)
The floor.
Unknown command.
You feel better.
You constrict Pikel, but do no damage.
The wall freezes Pikel.
Pikel hits you with a +0 whip of electrocution.
* * * LOW HITPOINT WARNING * * *
You hit Pikel. You squeeze Pikel!
Pikel is almost dead.
The frozen ramparts melt away.
You constrict Pikel. Pikel hits you but does no damage.
You are electrocuted!!
You die...
Your body crumbles into a pile of gold.

.....#........................##.
...###.............).............
....##..##...........<.....#.....
........)..................###...
.##..#.....................#.....
.###.##..........##..............
..#.........####.##..........##..
..#.###.....####K##..........####
..#.###...#<#.##@##...........###
.........(..........#......#(...#
............##.....##......#....#
...........<##...................
.............#..###....###.......
......(........#...#..#...#......
...............#.⌠.#..#.⌠.#.#....
.........#...#.#...#~~#...#.##...
.......#.#...#.~###~≈≈≈###~.###.#


You could see Pikel.

Vanquished Creatures
  Eustachio (D:6)
  2 black bears
  4 lemures
  5 necrophages (D:5)
  A scorpion (D:6)
  3 wights (D:5)
  A centaur zombie (D:5)
  A human zombie (D:5)
  An orc priest (D:5)
  Crazy Yiuf (D:3)
  2 hounds
  Ijyb (D:3)
  3 iguanas
  Natasha (thrice) (D:2)
  3 orc wizards
  2 hound zombies (D:5)
  6 adders
  A shadow imp (D:6)
  3 worms
  2 dart slugs
  13 orcs
  7 ball pythons
  4 endoplasms
  6 giant cockroaches
  5 goblins
  8 hobgoblins
  8 jackals
  13 kobolds
  2 quokkas (D:1)
  11 bats
  7 frilled lizards
  9 rats
139 creatures vanquished.

Vanquished Creatures (others)
  4 toadstools (D:1)
4 creatures vanquished.

Grand Total: 143 creatures vanquished

Notes
Turn   | Place    | Note
-------+----------+-------------------------------------------
     0 | D:5      | Esekla the Octopode Delver began the quest for the Orb.
     0 | D:5      | Reached XP level 1. HP: 16/16 MP: 1/1
    93 | D:5      | Noticed an iguana
    95 | D:5      | Noticed an orc wizard
    96 | D:5      | Found a staircase to the Ecumenical Temple.
   104 | D:5      | Noticed an orc priest
   105 | D:5      | Noticed an orc wizard
   108 | Temple   | Entered the Ecumenical Temple
   115 | Temple   | Became a worshipper of Gozag Ym Sagoz the Greedy
   146 | D:5      | Identified the +9 dagger of the Horn {heavy, *Slow Dex+5
                  | SInv}
   173 | D:5      | Noticed an iguana
   193 | D:6      | Reached XP level 2. HP: 21/21 MP: 2/2
   211 | D:6      | Noticed a scorpion
   253 | D:5      | Reached skill level 7 in Stealth
   253 | D:5      | Reached XP level 3. HP: 26/26 MP: 3/3
   406 | D:4      | Reached XP level 4. HP: 2/31 MP: 4/4
   599 | D:3      | Found a hazy altar of Hepliaklqana.
   601 | D:3      | Found an ornate altar of the Wu Jian Council.
   608 | D:3      | Found a sparkling altar of Nemelex Xobeh.
   609 | D:3      | Found a glowing silver altar of Zin.
   680 | D:3      | Found an ancient bone altar of Kikubaaqudgha.
   905 | D:2      | Noticed Natasha
   928 | D:2      | Found the amulet of Elemental Vulnerability {rPois rF--
                  | rC-- AC+8}
  1192 | D:2      | Found Uffacoog's Book Shoppe.
  1423 | D:1      | Found a faded altar of an unknown god.
  1469 | D:1      | Reached skill level 8 in Stealth
  1610 | D:1      | Reached XP level 5. HP: 36/36 MP: 6/6
  1680 | D:1      | Reached skill level 1 in Spellcasting
  2440 | D:2      | Killed Natasha
  2604 | D:2      | Bought a book of Debilitation for 220 gold pieces
  2604 | D:2      | Bought a book of Winter for 374 gold pieces
  2609 | D:2      | Learned a level 3 spell: Ozocubu's Armour
  2613 | D:2      | Learned a level 3 spell: Vampiric Draining
  2658 | D:2      | Noticed Natasha
  2662 | D:2      | Killed Natasha
  2760 | D:2      | Noticed Natasha
  2770 | D:2      | Killed Natasha
  2771 | D:2      | Reached XP level 6. HP: 42/42 MP: 8/8
  3163 | D:3      | Noticed Ijyb
  3169 | D:3      | Killed Ijyb
  3193 | D:3      | Found a bloodstained altar of Trog.
  3535 | D:3      | Found a runed translucent door.
  3536 | D:3      | Noticed Crazy Yiuf
  3544 | D:3      | Killed Crazy Yiuf
  3545 | D:3      | Reached skill level 1 in Necromancy
  3545 | D:3      | Reached skill level 1 in Ice Magic
  3658 | D:4      | Reached skill level 1 in Short Blades
  3800 | D:4      | Noticed Pikel
  4789 | D:5      | Reached XP level 7. HP: 46/47 MP: 10/10
  4977 | D:5      | Reached XP level 8. HP: 54/54 MP: 10/12
  5078 | D:5      | Reached skill level 5 in Long Blades
  5082 | D:5      | Found a basalt altar of Yredelemnul.
  5400 | D:6      | Found a shadowy altar of Dithmenos.
  5495 | D:6      | Noticed Eustachio
  5511 | D:6      | Killed Eustachio
  5640 | D:6      | Found a runed translucent door.
  5691 | D:6      | Noticed dolemite99's ghost (novice DjFE)
  5748 | D:6      | Found a snail-covered altar of Cheibriados.
  5797 | D:6      | Learned a level 3 spell: Frozen Ramparts
  5881 | D:4      | Slain by Pikel

Illustrated notes

Levels and vault maps discovered:
D:1:      ldierk_walled_garden_2, layout_loops_corners,
          shapermc_ecumenical_altar_ellora
D:2:      layout_basic, serial_shops, shop_statue, minmay_split_cup_large,
          uniq_natasha
D:3:      layout_basic, mainiacjoe_overflow_alcove_1,
          grunt_temple_overflow_open, lemuel_tele_altar,
          uniq_crazy_yiuf_cottage, uniq_ijyb
D:4:      layout_cave_pools, fountainhead, uniq_pikel
D:5:      layout_basic, lemuel_mausoleum_altar_yredelemnul,
          minmay_temple_entry_crystal_x
D:6:      layout_cave_pools, grunt_dithmenos_smoke, kennysheep_slug_shrine,
          ebering_ghost_reflecting_pool, minmay_misc_feat_tiny,
          grunt_decor_one_mirror, uniq_eustachio
Temple:   nicolae_temple_ecumenical_triangle

Skill      XL: |  1  2  3  4  5  6  7  8 |
---------------+-------------------------+-----
Stealth        | 7 8 |  8.3
Spellcasting   | 1 2 3 |  3.3
Long Blades    | 3 4 5 |  5.7
Dodging        | 3 4 |  4.3
Necromancy     | 1 2 3 |  3.0
Ice Magic      | 1 2 3 |  3.0
Short Blades   | 1 |  1.7
Fighting       | 4 |  4.4
Throwing       | |  0.9

Action                     |  1- 3 |  4- 6 |  7- 9 || total
---------------------------+-------+-------+-------++-------
  Melee: Dagger            |    14 |    48 |    15 ||    77
         Falchion          |     4 |   124 |    36 ||   164
         Constrict         |     1 |    42 |    12 ||    55
         Tentacles         |     1 |    27 |    14 ||    42
         Punch             |       |       |     1 ||     1
  Throw: Dart              |       |     4 |       ||     4
   Cast: Ozocubu's Armour  |       |       |     3 ||     3
         Vampiric Draining |       |       |     1 ||     1
         Frozen Ramparts   |       |       |     1 ||     1
    Use: Scroll            |     2 |       |     6 ||     8
         Potion            |     2 |     1 |     1 ||     4
   Stab: Sleeping          |     2 |    35 |    12 ||    49
         Distracted        |     1 |     4 |       ||     5
 Armour: Skin              |       |    27 |    13 ||    40
  Dodge: Dodged            |    13 |    69 |    29 ||   111

Table legend: (Time is in decaauts)
 A = Elapsed time spent in this place.
 B = Non-inter-level travel time spent in this place.
 C = Inter-level travel time spent in this place.
 D = Time resting spent in this place.
 E = Time spent auto-exploring this place.
 F = Levels seen in this place.
 G = Mean time per level.
                   A        B        C        D        E       F      G
               +--------+--------+--------+--------+--------+-----+--------+
         Total |   5888 |   5610 |    278 |    765 |   1257 |   7 |  841.1 |
       Dungeon |   5875 |   5597 |    278 |    765 |   1257 |   6 |  979.2 |
        Temple |     12 |     12 |      0 |      0 |      0 |   1 |   12.0 |
               +--------+--------+--------+--------+--------+-----+--------+

Top non-repeatable levels by time:
     D:3: 1433 daAuts
     D:5: 1179 daAuts
     D:1: 1021 daAuts
     D:2: 1003 daAuts
     D:4: 727 daAuts
     D:6: 510 daAuts
  Temple: 12 daAuts
